 Dungeon Crawl Stone Soup version 0.28-a0-595-g9f6c0e134a (webtiles) character file.

Game seed: 17522170257994790661

110464 robertstho the Eclecticist (level 17, -1/121 HPs)
             Began as a Djinni Fire Elementalist on Oct 4, 2021.
             Was an Initiate of Gozag.
             Slain by a wolf spider (12 damage)
             ... on level 1 of the Spider Nest.
             The game lasted 00:57:57 (20905 turns).

robertstho the Eclecticist (DjFE)                  Turns: 20905, Time: 00:57:57

Health: -1/121     AC:  6    Str: 13    XL:     17   Next: 10%
Gold:   3469       EV: 14    Int: 23    God:    Gozag SH:  5 Dex: 15

rFire   + + +      SeeInvis +   J - staff of fire
rCold   . . .      Faith    .   (no shield)
rNeg    + . .      Spirit   .   S - +3 robe of Clouds {*Thunder rCloud rElec}
rPois   ∞          Reflect  +   y - -2 hat of the Alchemist {rElec rPois rF+ rC+ rN+ Will+ rMut rCorr}
rElec   +          Harm     .   s - +0 cloak
rCorr   +          Rampage  .   f - +0 pair of gloves
rMut    +                       (boots unavailable)
Will    ++...                   w - amulet of reflection
Stlth   +++.......              P - ring of Limal {rPois rF+++ MP-9 Str+6}
HPRegen 0.30/turn               B - ring of see invisible
MPRegen 0.00/turn

@: gold aura, flying
A: sickness immunity, fire resistance 2, cold vulnerability 1, float, innate
caster, hp casting, extra vitality 1
a: Renounce Religion, Potion Petition, Call Merchant, Bribe Branch


You were on level 1 of the Spider Nest.
You worshipped Gozag.
Gozag was most pleased with you.
You visited 5 branches of the dungeon, and saw 25 of its levels.
You also visited: Bailey.

You collected 6649 gold pieces.
You spent 2241 gold pieces at shops.
You paid 939 gold pieces to Gozag.

Inventory:

Hand Weapons
 X - a +3 battleaxe of flaming
Missiles
 E - 2 throwing nets
Armour
 f - a +0 pair of gloves (worn)
 m - a +0 troll leather armour {Purgy}
 s - a +0 cloak (worn)
 y - the -2 hat of the Alchemist (worn) {rElec rPois rF+ rC+ rN+ Will+ rMut rCorr}
   (You bought it in a shop on level 10 of the Dungeon)

   rF:        It protects you from fire.
   rC:        It protects you from cold.
   rElec:     It insulates you from electricity.
   rPois:     It protects you from poison.
   rN:        It protects you from negative energy.
   rCorr:     It protects you from acid and corrosion.
   rMut:      It protects you from mutation.
   Will:      It increases your willpower.
 L - a +2 robe of cold resistance
 S - the +3 robe of Clouds (worn) {*Thunder rCloud rElec}
   (You found it on level 3 of the Lair of Beasts)

   It occasionally creates storm clouds above nearby enemies.
   It grants its wearer immunity to clouds.
   rElec:     It insulates you from electricity.
Magical Staves
 J - a staff of fire (weapon)
Jewellery
 u - a ring of willpower
 w - an amulet of reflection (around neck)
 B - a ring of see invisible (right hand)
 C - a +4 ring of evasion
 H - a ring of resist corrosion
 I - a ring of ice
 P - the ring of Limal (left hand) {rPois rF+++ MP-9 Str+6}
   (You found it on level 10 of the Dungeon)

   [ring of strength]

   Str:       It affects your strength (+6).
   rF:        It renders you almost immune to fire.
   rPois:     It protects you from poison.
   MP:        It affects your magic capacity (-9).
 Q - the ring of Sopriuruec {rF+ rC+ rN+}
   (You bought it in a shop on level 10 of the Dungeon)

   [ring of protection from fire]

   rF:        It protects you from fire.
   rC:        It protects you from cold.
   rN:        It protects you from negative energy.
Wands
 p - a wand of iceblast (22)
 t - a wand of digging (6)
 K - a wand of acid (41)
Scrolls
 c - 9 scrolls of magic mapping
 g - 3 scrolls of enchant armour
 h - a scroll of identify
 j - 7 scrolls of teleportation
 l - 3 scrolls of enchant weapon
 v - 4 scrolls of immolation
 z - a scroll of torment
 A - a scroll of silence
 D - 3 scrolls of blinking
 F - a scroll of vulnerability
 N - 2 scrolls of fog
 U - a scroll of brand weapon
 W - a scroll of holy word
Potions
 a - 4 potions of brilliance
 b - 7 potions of mutation
 d - 4 potions of invisibility
 e - 5 potions of attraction
 i - 4 potions of berserk rage
 k - 2 potions of ambrosia
 o - 6 potions of lignification
 q - a potion of might
 r - 2 potions of resistance
 x - 6 potions of curing
 G - 3 potions of haste
Miscellaneous
 T - a tin of tremorstones (2/2)


   Skills:
 * Level 10.9 Fighting
 + Level 3.2 Short Blades
 + Level 3.1 Staves
 + Level 5.6 Armour
 + Level 5.4 Dodging
 + Level 4.3 Stealth
 + Level 2.3 Shields
 * Level 19.0 Spellcasting
 + Level 3.5 Evocations


You had 10 spell levels left.
You knew the following spells:

 Your Spells              Type           Power      Damage    Failure   Level
a - Foxfire               Conj/Fire      100%       2x1d9     0%          1
b - Scorch                Fire           100%       2d10      0%          2
c - Conjure Flame         Conj/Fire      100%       6-21      0%          3
d - Inner Flame           Hex/Fire       100%       N/A       0%          3
e - Flame Wave            Conj/Fire      100%       3d16      0%          4
f - Pain                  Necr           100%       1d9       0%          1
g - Passwall              Tmut/Erth      69%        N/A       0%          2
h - Ensorcelled Hibernat  Hex/Ice        100%       N/A       0%          2
i - Animate Dead          Necr           41%        N/A       0%          4
j - Summon Lightning Spi  Summ/Air       83%        N/A       0%          4
k - Lightning Bolt        Conj/Air       41%        1d60      1%          5
l - Simulacrum            Ice/Necr       41%        N/A       1%          6
m - Haunt                 Necr/Summ      41%        N/A       1%          7
Your spell library was empty.

Dungeon Overview and Level Annotations

Branches:
Dungeon (15/15)            Temple (1/1) D:7            Lair (6/6) D:11
 Shoals (0/4) Lair:4       Spider (1/4) Lair:3        Slime (0/5) Lair:6
    Orc (2/2) D:9             Elf (0/3) Orc:2        Bailey (visited)
 Vaults: D:13-14     Depths: D:15

Altars:
Ashenzari
Dithmenos
Elyvilon
Fedhas
Gozag
Hepliaklqana
Makhleb
Nemelex Xobeh
Ru
Sif Muna
Trog
Uskayaw
Vehumet
Wu Jian
Xom
Zin
Jiyva

Shops:
D:4 ?   D:6 :   D:8 =?   D:10 **   Orc:2 *(*(

Annotations:
D:2 1 runed translucent door, Crazy Yiuf
D:10 1321 alchemist hat
Lair:6 exclusion: obsidian statue


Innate Abilities, Weirdness & Mutations

You are immune to sickness and miasma.
You are immune to poison.
Your flesh is very heat resistant. (rF++)
You are vulnerable to cold. (rC-)
You float through the air rather than walking.
You learn spells naturally, not from books.
Your magical power is your life essence.
You have superior vitality. (+4 HP)


Message History

The wolf spider is severely wounded.
The wolf spider's fire resistance burns away.
The wolf spider hits your lightning spire but does no damage.
The wolf spider bites your lightning spire.
The wolf spider hits your lightning spire but does no damage.
The wolf spider bites your lightning spire but does no damage.
The wolf spider hits your lightning spire!!
The wolf spider bites your lightning spire but does no damage.
The wolf spider hits your lightning spire but does no damage.
The wolf spider bites your lightning spire!
Your lightning spire shoots out a bolt of lightning at the wolf spider!
The bolt of electricity hits the wolf spider!!
The wolf spider hits your lightning spire.
The wolf spider bites your lightning spire!
Casting: Scorch (safe; 0% risk of failure)
Confirm with . or Enter, or press ? or * to list all spells.
You feel a surge of power!
Flames lash the wolf spider.
The wolf spider is burned terribly!
The wolf spider is almost dead.
The wolf spider hits your lightning spire!!
Your lightning spire is destroyed!
Your lightning spire disappears in a puff of smoke!
Casting: Scorch (safe; 0% risk of failure)
Confirm with . or Enter, or press ? or * to list all spells.
An electric hum fills the air.
The wolf spider hisses angrily.
The wolf spider hits you!
* * * LOW HITPOINT WARNING * * *
The wolf spider bites you.
* * * LOW HITPOINT WARNING * * *
The wolf spider hits you!
* * * LOW HITPOINT WARNING * * *
You block the wolf spider's attack. The wolf spider misses you.
The wolf spider bites you.
* * * LOW HITPOINT WARNING * * *
The wolf spider barely misses you.
The wolf spider bites you but does no damage.
The wolf spider barely misses you. The wolf spider bites you!
You die...
Your body crumbles into a pile of gold.

### ###### #.####....#
#####..#..#### .
##.@...##.## ^.
#.sss.....# #.
#..8§.....## #.
#..........#
#.###.........##
.####.^#$#........####
........######.....#.###
#######$# ###.......#
#$. #####......# #


You could see 3 wolf spiders and a friendly lightning spire (summoned).

Vanquished Creatures
  Jorgrun (D:12)
  Gastronok (Lair:2)
  2 orc warlords
  Nessos (Orc:2)
  3 dire elephants (Lair:6)
  Snorg (Lair:4)
  7 hydras
  2 ogre magi (Orc:2)
  A boulder beetle (Lair:3)
  A catoblepas (Lair:4)
  A centaur warrior (D:13)
  A death knight (D:12)
  A tengu warrior (D:13)
  8 two-headed ogres
  2 death yaks (Lair:6)
  A skeletal warrior (D:12)
  2 deep trolls (Orc:2)
  A phantasmal warrior (D:12)
  2 lindwurms (Lair:3)
  Pikel (D:8)
  An orc knight (D:11)
  4 necromancers (Lair:6)
  A wolf spider (Spider:1)
  2 cyclopes
  A moth of wrath (Spider:1)
  3 black mambas
  14 elephants
  A torpor snail (Lair:2)
  Maggie (Lair:2)
  7 cane toads
  A rime drake (Lair:3)
  An unseen horror (D:10)
  9 komodo dragons
  A demonic crawler (Spider:1)
  6 trolls
  2 jumping spiders (Spider:1)
  A merfolk (Lair:4)
  4 polar bears
  Prince Ribbit (D:7)
  7 dream sheep
  2 hornets
  A meliai zombie (D:11)
  13 blink frogs
  6 slime creatures
  5 redbacks (Spider:1)
  3 shadows (D:12)
  A tarantella (Spider:1)
  Sigmund (D:2)
  A vampire (D:5)
  2 wyverns (Lair:6)
  11 yaks
  3 wraiths
  A basilisk (Lair:3)
  A steam dragon (D:7)
  Menkaure (D:6)
  A human (D:9)
  2 wargs (Orc:2)
  A spectral cane toad (Lair:6)
  Duvessa (D:7)
  An acid dragon (D:11)
  8 water moccasins
  A hornet zombie (D:7)
  Purgy (D:3)
  17 orc warriors
  An ice beast (D:5)
  A black bear (D:4)
  15 ogres
  4 boggarts (Lair:6)
  10 wolves
  8 centaurs
  2 phantoms (D:5)
  2 lemures (D:8)
  6 bullfrogs
  Blork the orc (D:4)
  2 scorpions
  Dowan (D:7)
  A water moccasin skeleton (D:4)
  9 killer bees (D:9)
  3 electric eels
  22 wights
  2 howler monkeys (D:8)
  A centaur zombie (D:6)
  8 hounds
  3 jellies
  17 orc priests
  A centaur skeleton (D:6)
  Jessica (D:2)
  Ijyb (D:5)
  4 iguanas
  15 orc wizards
  A hound zombie (D:5)
  A hound skeleton (D:4)
  7 gnolls
  7 adders
  A shadow imp (D:5)
  An ufetubus (D:4)
  A worm (D:3)
  4 dart slugs
  59 orcs
  7 bats
  7 endoplasms
  3 giant cockroaches
  10 goblins
  8 hobgoblins
  23 kobolds
  5 quokkas
  6 ball pythons
  A frilled lizard (D:1)
  7 rats
493 creatures vanquished.

Vanquished Creatures (collateral kills)
  Rupert (Lair:6)
  Harold (Lair:1)
  Fannar (Lair:2)
  2 centaur warriors (D:13)
  2 hydras (Lair:2)
  2 two-headed ogres (Orc:2)
  Urug (Lair:4)
  A spectral anaconda (Lair:6)
  A spectral death yak (Lair:6)
  A wolf spider (Spider:1)
  An ugly thing (D:13)
  An orc sorcerer (Orc:2)
  3 cyclopes
  2 manticores (D:13)
  5 elephants
  4 black mambas
  A centaur zombie (D:10)
  4 cane toads
  2 demonic crawlers (Spider:1)
  3 komodo dragons
  A freezing wraith (D:12)
  A tengu conjurer (D:13)
  2 jumping spiders (Spider:1)
  6 trolls
  20 blink frogs
  A spectral elephant (Lair:6)
  4 slime creatures
  3 dream sheep
  3 redbacks (Spider:1)
  2 wyverns
  4 yaks
  A death yak simulacrum (Lair:6)
  A warg (Orc:2)
  7 water moccasins
  9 orc warriors
  2 elephant skeletons (Lair:6)
  7 wolves
  3 centaurs
  5 ogres
  2 kobold brigands (D:9)
  3 bullfrogs
  A gnoll sergeant (Orc:1)
  6 orc priests
  3 hounds (D:11)
  8 orc wizards
  A gnoll (D:13)
  19 orcs
  2 goblins
  7 kobolds
  3 foxfires
176 creatures vanquished.

Vanquished Creatures (others)
  A bush (Lair:6)
  878 foxfires
  35 fungi
  40 plants
  10 toadstools (Lair:3)
  17 withered plants (Lair:6)
981 creatures vanquished.

Grand Total: 1650 creatures vanquished

Notes
Turn   | Place    | Note
-------+----------+-------------------------------------------
     0 | D:1      | robertstho the Djinni Fire Elementalist began the quest for
                  | the Orb.
     0 | D:1      | Reached XP level 1. HP: 15/15 MP: 0/0
   252 | D:1      | Reached XP level 2. HP: 17/22 MP: 0/0
   741 | D:1      | Reached skill level 3 in Spellcasting
   834 | D:1      | Reached XP level 3. HP: 24/26 MP: 0/0
   834 | D:1      | Learned a level 1 spell: Pain
   964 | D:1      | Reached skill level 1 in Fighting
  1365 | D:2      | Found a runed translucent door.
  1366 | D:2      | Noticed Crazy Yiuf
  1443 | D:2      | Noticed Jessica
  1448 | D:2      | Killed Jessica
  1449 | D:2      | Reached XP level 4. HP: 30/32 MP: 0/0
  1818 | D:2      | Noticed Sigmund
  1826 | D:2      | Killed Sigmund
  1827 | D:2      | Reached skill level 4 in Spellcasting
  1827 | D:2      | Reached XP level 5. HP: 30/38 MP: 0/0
  1827 | D:2      | Learned a level 2 spell: Passwall
  1827 | D:2      | Reached XP level 6. HP: 34/43 MP: 0/0
  2072 | D:2      | Found a faded altar of an unknown god.
  2362 | D:3      | Noticed Purgy
  2371 | D:3      | Killed Purgy
  2432 | D:3      | Reached skill level 5 in Spellcasting
  2519 | D:3      | Reached XP level 7. HP: 47/49 MP: 0/0
  2519 | D:3      | Learned a level 2 spell: Ensorcelled Hibernation
  2691 | D:3      | Found a sacrificial altar of Ru.
  2811 | D:4      | Found Voco's Magic Scroll Emporium.
  2820 | D:4      | Bought a scroll of identify for 28 gold pieces
  2820 | D:4      | Bought a scroll of noise for 14 gold pieces
  2820 | D:4      | Bought a scroll of teleportation for 42 gold pieces
  2987 | D:4      | Found a white marble altar of Elyvilon.
  3032 | D:4      | Found a sparkling altar of Nemelex Xobeh.
  3032 | D:4      | Found a hazy altar of Hepliaklqana.
  3033 | D:4      | Found an ornate altar of the Wu Jian Council.
  3037 | D:4      | Reached skill level 6 in Spellcasting
  3049 | D:4      | Noticed Blork the orc
  3060 | D:4      | Killed Blork the orc
  3061 | D:4      | Reached XP level 8. HP: 31/55 MP: 0/0
  3510 | D:5      | Entered Level 5 of the Dungeon
  3709 | D:5      | Noticed a wraith
  3715 | D:5      | Killed a wraith
  3716 | D:5      | Reached skill level 7 in Spellcasting
  3813 | D:5      | Noticed a vampire
  3820 | D:5      | Killed a vampire
  3824 | D:5      | Reached skill level 1 in Armour
  3824 | D:5      | Reached XP level 9. HP: 55/62 MP: 0/0
  3824 | D:5      | Learned a level 4 spell: Animate Dead
  3864 | D:5      | Noticed Ijyb
  3869 | D:5      | Killed Ijyb
  4141 | D:6      | Reached skill level 8 in Spellcasting
  4153 | D:6      | Noticed Menkaure
  4157 | D:6      | Killed Menkaure
  4305 | D:6      | Found Ralets's Book Emporium.
  4458 | D:7      | Reached skill level 9 in Spellcasting
  4460 | D:7      | Noticed Prince Ribbit
  4469 | D:7      | Killed Prince Ribbit
  4523 | D:7      | Found a staircase to the Ecumenical Temple.
  4551 | D:7      | Found a broken altar of Ashenzari.
  4710 | D:7      | Noticed a hornet
  4716 | D:7      | Reached XP level 10. HP: 63/69 MP: 0/0
  4737 | D:7      | Noticed Dowan
  4738 | D:7      | Noticed Duvessa
  4750 | D:7      | Killed Dowan
  4751 | D:7      | Killed Duvessa
  5381 | D:8      | Reached skill level 10 in Spellcasting
  5402 | D:8      | Found Kuihuth's Jewellery Shop.
  5716 | D:8      | Found Poqoc's Magic Scroll Boutique.
  5725 | D:8      | Bought 3 scrolls of identify for 90 gold pieces
  5725 | D:8      | Bought a scroll of identify for 30 gold pieces
  5725 | D:8      | Bought a scroll of identify for 30 gold pieces
  5743 | D:8      | Found a glowing silver altar of Zin.
  5744 | D:8      | Found a bloodstained altar of Trog.
  5833 | D:8      | Found a shadowy altar of Dithmenos.
  5870 | D:8      | Noticed Pikel
  5873 | D:8      | Killed Pikel
  6152 | D:9      | Reached skill level 5 in Fighting
  6158 | D:9      | Reached skill level 11 in Spellcasting
  6164 | D:9      | Reached XP level 11. HP: 36/76 MP: 0/0
  6164 | D:9      | Learned a level 4 spell: Summon Lightning Spire
  6223 | D:9      | Found a staircase to the Orcish Mines.
  6406 | D:9      | Noticed a four-headed hydra
  6413 | D:9      | Killed a four-headed hydra
  6523 | Temple   | Entered the Ecumenical Temple
  6565 | Temple   | Became a worshipper of Gozag Ym Sagoz the Greedy
  6850 | D:10     | Entered Level 10 of the Dungeon
  6930 | D:10     | You are sucked into a shaft and drop 3 floors!
  6943 | D:13     | Noticed a red ugly thing
  6962 | D:13     | Killed a red ugly thing
  7003 | D:13     | Found a flagged portal.
  7013 | D:13     | Noticed a centaur warrior
  7017 | Bailey   | Entered a bailey
  7058 | Bailey   | Reached skill level 12 in Spellcasting
  7091 | Bailey   | Noticed an orc warlord
  7212 | Bailey   | Found a runed translucent gate.
  7214 | Bailey   | Found a runed translucent gate.
  7216 | Bailey   | Found a runed translucent gate.
  7494 | Bailey   | Killed an orc warlord
  7543 | Bailey   | Reached skill level 1 in Staves
  7543 | Bailey   | Reached XP level 12. HP: 85/85 MP: 0/0
  7544 | Bailey   | Reached XP level 13. HP: 92/92 MP: 0/0
  7544 | Bailey   | Learned a level 5 spell: Lightning Bolt
  7551 | D:13     | Killed a centaur warrior
  7552 | D:13     | Reached skill level 13 in Spellcasting
  7556 | D:13     | Noticed a centaur warrior
  7559 | D:13     | Killed a centaur warrior
  7899 | D:13     | Noticed a centaur warrior
  7902 | D:13     | Killed a centaur warrior
  7995 | D:13     | You are sucked into a shaft and drop 2 floors!
  7995 | D:15     | Entered Level 15 of the Dungeon
  8070 | D:13     | Noticed a five-headed hydra
  8075 | D:13     | Killed a five-headed hydra
  8210 | D:13     | Reached XP level 14. HP: 65/99 MP: 0/0
  8501 | D:12     | Reached skill level 14 in Spellcasting
  8502 | D:12     | Noticed Jorgrun
  8512 | D:12     | Killed Jorgrun
  9574 | D:11     | Found a staircase to the Lair.
 10704 | D:10     | Reached skill level 15 in Spellcasting
 10761 | D:10     | Identified the ring of Limal {rPois rF+++ MP-9 Str+6}
 10975 | D:10     | Found Suatweu's General Store.
 11258 | D:10     | Bought a scintillating wooden ring for 140 gold pieces
 11258 | D:10     | Identified the ring of Sopriuruec {rF+ rC+ rN+} (You bought
                  | it in a shop on level 10 of the Dungeon)
 11327 | Lair:1   | Entered Level 1 of the Lair of Beasts
 11397 | Lair:1   | Noticed Harold
 11406 | Lair:1   | Killed Harold
 11423 | Lair:1   | Reached skill level 5 in Armour
 12451 | Lair:2   | Noticed Gastronok
 12459 | Lair:2   | Noticed Fannar
 12460 | Lair:2   | Killed Gastronok
 12468 | Lair:2   | Killed Fannar
 12723 | Lair:2   | Noticed Maggie
 12729 | Lair:2   | Killed Maggie
 12748 | Lair:2   | Reached XP level 15. HP: 97/105 MP: 0/0
 12748 | Lair:2   | Learned a level 6 spell: Simulacrum
 13061 | Lair:3   | Found a hole to the Spider Nest.
 13316 | Lair:3   | Reached skill level 16 in Spellcasting
 13423 | Lair:3   | Found the +3 robe of Clouds {*Thunder rCloud rElec}
 13445 | Lair:3   | Found a runed translucent door.
 13895 | Lair:3   | Reached skill level 5 in Dodging
 14047 | Lair:4   | Noticed Urug
 14051 | Lair:4   | Killed Urug
 14354 | Lair:4   | Reached skill level 1 in Shields
 14356 | Lair:4   | Noticed Snorg
 14480 | Lair:4   | Killed Snorg
 14910 | Lair:4   | Found a staircase to the Shoals.
 15963 | D:4      | Bought a scroll of holy word for 105 gold pieces
 15963 | D:4      | Bought a scroll of enchant weapon for 105 gold pieces
 16241 | Lair:6   | Entered Level 6 of the Lair of Beasts
 16261 | Lair:6   | Reached skill level 17 in Spellcasting
 16333 | Lair:6   | Reached skill level 10 in Fighting
 16630 | Lair:6   | Noticed Rupert
 16633 | Lair:6   | Killed Rupert
 16634 | Lair:6   | Reached XP level 16. HP: 99/113 MP: 0/0
 16805 | Lair:6   | Found a viscous altar of Jiyva.
 16805 | Lair:6   | Found a staircase to the Slime Pits.
 17701 | Lair:6   | Reached skill level 18 in Spellcasting
 18428 | Orc:1    | Entered Level 1 of the Orcish Mines
 18838 | Orc:2    | Entered Level 2 of the Orcish Mines
 18852 | Orc:2    | Paralysed by an orc sorcerer for 7 turns
 19018 | Orc:2    | Noticed Nessos
 19020 | Orc:2    | Killed Nessos
 19035 | Orc:2    | Paralysed by an ogre mage for 2 turns
 19146 | Orc:2    | Found Rogh's Antique Weapon Emporium.
 19148 | Orc:2    | Found Odafoc's Weapon Boutique.
 19149 | Orc:2    | Found Imuatiokk's Assorted Antiques.
 19256 | Orc:2    | Found Geluotuf's General Store.
 19312 | Orc:2    | Bought a potion of heal wounds for 85 gold pieces
 19312 | Orc:2    | Bought a scroll of blinking for 127 gold pieces
 19330 | Orc:2    | Bought a scroll of teleportation for 96 gold pieces
 19330 | Orc:2    | Bought a red potion for 28 gold pieces
 19588 | Orc:2    | Found a staircase to the Elven Halls.
 20068 | D:10     | Bought the -2 hat of the Alchemist {rElec rPois rF+ rC+ rN+
                  | Will+ rMut rCorr} for 1321 gold pieces
 20068 | D:10     | Found the -2 hat of the Alchemist {rElec rPois rF+ rC+ rN+
                  | Will+ rMut rCorr}
 20245 | Spider:1 | Entered Level 1 of the Spider Nest
 20252 | Spider:1 | Reached XP level 17. HP: 90/121 MP: 0/0
 20252 | Spider:1 | Learned a level 7 spell: Haunt
 20385 | Spider:1 | Reached skill level 19 in Spellcasting
 20905 | Spider:1 | Slain by a wolf spider

Illustrated notes

Levels and vault maps discovered:
D:1:      lightli_arrival_lavapool, layout_rooms
D:2:      layout_rooms, basic_ecumenical_altar, uniq_jessica, uniq_sigmund,
          uniq_crazy_yiuf_cottage
D:3:      layout_rooms, old_standard_altar, dk_noncrumbling_4, uniq_purgy
D:4:      layout_gridville, elyvilon_altar_1, gammafunk_temple_overflow_claw,
          serial_shops, shop, kennysheep_generic_room_12, uniq_blork_the_orc
D:5:      layout_basic, uniq_ijyb
D:6:      layout_basic, serial_shops, kennysheep_little_box, uniq_menkaure
D:7:      layout_loops_ring, mainiacjoe_overflow_alcove_1,
          minmay_temple_entry_statues_pillars, grunt_ministairs_6,
          hangedman_decor_growths, uniq_duvessa, uniq_prince_ribbit1
D:8:      layout_basic, lemuel_tele_altar, kennysheep_mini,
          mainiacjoe_overflow_divided_tiny, serial_shops, shop, corner_web_ring,
          kennysheep_big_empty_room, minmay_shop_enchanted_jewellery, uniq_pikel
D:9:      layout_basic, erik_orc_4
D:10:     layout_grid_maze, serial_shops, nicolae_diamond_shop, minivault_1
D:11:     layout_grid_maze, erik_lair_island
D:12:     layout_gridville, hangedman_decor_push, uniq_jorgrun
D:13:     layout_basic, lightli_bailey_entry_fortress,
          kennysheep_cross_bottleneck
D:14:     layout_roguey, erik_vaults_1, chequers_decorated_corner,
          fedhas_ov_isle_minmay, uniq_louise
D:15:     grunt_enter_depths_snipers, layout_rooms,
          portal_ice_cave_entry_pillars_three, chequers_serial_rivers_micro_d,
          minivault_14, nicolae_uskayaw_suspiria
Temple:   hc_temple_tempest_star
Lair:1:   layout_regular_city, uniq_harold
Lair:2:   layout_regular_city, cheibrodos_lair_caveside_slide, uniq_fannar,
          uniq_gastronok, uniq_maggie
Lair:3:   gammafunk_lair_enchanted_lake, layout_big_grid,
          spider_nest_entry_web_field
Lair:4:   layout_roguey, elwin_shoals_entry_rooms, lemuel_fruit_tree,
          infiniplex_staircase_pool, uniq_urug, uniq_snorg
Lair:5:   layout_cellular_growth
Lair:6:   due_jungle_book, layout_long_grid, slime_altar_1,
          kilobyte_rumbling_trees, grunt_megastairs_3, uniq_rupert
Spider:1: layout_chambers, nicolae_spider_moth_buddies, uniq_frances,
          uniq_azrael
Orc:1:    layout_diamond_mine
Orc:2:    st_orc_open, layout_diamond_mine, gauntlet_entry_generic, uniq_nessos

Skill      XL: |  1  2  3  4  5  6  7  8  9 10 11 12 13 14 15 16 17 |
---------------+----------------------------------------------------+-----
Spellcasting   | 3 4 5 6 7 9 11 12 13 15 17 18 19 | 19.0
Fighting       | 1 2 3 4 5 7 8 9 10 | 10.9
Stealth        | 2 3 4 |  4.3
Armour         | 1 2 3 4 5 |  5.6
Dodging        | 4 5 |  5.4
Short Blades   | 2 3 |  3.2
Staves         | 1 3 |  3.1
Evocations     | 2 3 |  3.5
Shields        | 2 |  2.3

Action                   |  1- 3 |  4- 6 |  7- 9 | 10-12 | 13-15 | 16-18 || total
-------------------------+-------+-------+-------+-------+-------+-------++-------
Melee: Dagger            |       |       |     1 |     4 |       |       ||     5
       Staff             |       |       |       |       |     1 |     3 ||     4
 Cast: Foxfire           |    65 |    67 |    97 |    77 |   115 |    95 ||   516
       Scorch            |       |    10 |    90 |    75 |    96 |    35 ||   306
       Flame Wave        |       |       |     7 |    18 |     7 |     8 ||    40
       Summon Lightning  |       |       |       |    10 |    78 |    46 ||   134
       Lightning Bolt    |       |       |       |       |   216 |   143 ||   359
       Haunt             |       |       |       |       |       |     4 ||     4
Invok: Call Merchant     |       |       |       |       |     1 |       ||     1
  Use: Scroll            |       |       |     5 |     9 |     9 |     4 ||    27
       Potion            |       |       |       |     2 |     2 |     6 ||    10
 Stab: Distracted        |       |       |       |       |       |     1 ||     1
Armor: Robe              |     1 |     1 |       |       |       |     7 ||     9
       Troll leather arm |       |     1 |    11 |    12 |    13 |     6 ||    43
Dodge: Dodged            |     5 |     2 |    29 |    33 |   102 |    42 ||   213
Block: Other             |       |       |     1 |    13 |    31 |    12 ||    57
       Reflection        |       |       |       |     4 |     3 |       ||     7

Table legend: (Time is in decaauts)
 A = Elapsed time spent in this place.
 B = Non-inter-level travel time spent in this place.
 C = Inter-level travel time spent in this place.
 D = Time resting spent in this place.
 E = Time spent auto-exploring this place.
 F = Levels seen in this place.
 G = Mean time per level.
                   A        B        C        D        E       F      G
               +--------+--------+--------+--------+--------+-----+--------+
         Total |  20929 |  19341 |   1588 |    667 |  15224 |  26 |  805.0 |
       Dungeon |  11225 |  10331 |    894 |     45 |   8653 |  15 |  748.3 |
        Temple |     54 |     42 |     12 |      0 |     29 |   1 |   54.0 |
          Lair |   6858 |   6292 |    566 |    483 |   4842 |   6 | 1143.0 |
   Spider Nest |    659 |    659 |      0 |     48 |    524 |   1 |  659.0 |
  Orcish Mines |   1602 |   1488 |    114 |     71 |    974 |   2 |  801.0 |
        Bailey |    530 |    530 |      0 |     20 |    202 |   1 |  530.0 |
               +--------+--------+--------+--------+--------+-----+--------+

Top non-repeatable levels by time:
  Lair:6: 1819 daAuts
     D:1: 1215 daAuts
    D:11: 1215 daAuts
  Lair:3: 1154 daAuts
     D:2: 1074 daAuts
    D:12: 1033 daAuts
  Lair:4: 990 daAuts
  Lair:1: 986 daAuts
    D:13: 981 daAuts
  Lair:2: 968 daAuts
  Lair:5: 937 daAuts
    D:10: 928 daAuts
     D:7: 915 daAuts
   Orc:2: 907 daAuts
     D:8: 857 daAuts
